 Dungeon Crawl Stone Soup version 0.29-a0-925-g0a7a3d12f8 (webtiles) character file.

Game seed: 17238309093918568682

2967 quixfox the Geomancer (level 9, -14/52 HPs)
             Began as a Gargoyle Earth Elementalist on July 29, 2022.
             Demolished by a two-headed ogre
             ... wielding a +0 giant club
              (15 damage)
             ... on level 6 of the Dungeon.
             The game lasted 00:12:38 (5028 turns).

quixfox the Geomancer (Gargoyle Earth Elementalist) Turns: 5028, Time: 00:12:39

Health: -14/52     AC: 12    Str: 12    XL:     9   Next: 82%
Magic:  18/18      EV: 12    Int: 26    God:
Gold:   240        SH:  0    Dex: 16    Spells: 13/20 levels left

rFire   . . .      SeeInvis .   r - staff of earth
rCold   . . .      Faith    .   (no shield)
rNeg    + . .      Spirit   .   a - +0 robe
rPois   ∞          Reflect  .   i - +1 helmet
rElec   +          Harm     .   (no cloak)
rCorr   .          Rampage  .   (no gloves)
Will    .....                   F - +0 pair of boots
Stlth   ++........              w - amulet of regeneration
HPRegen 0.97/turn               c - +6 ring of intelligence
MPRegen 0.16/turn               C - +6 ring of dexterity

@: no status effects
A: sickness immunity, AC +6, negative energy resistance 1, electricity
resistance, torment resistance 1, petrification resistance
a: no special abilities


You were on level 6 of the Dungeon.
You visited 1 branch of the dungeon, and saw 6 of its levels.

You collected 240 gold pieces.

Inventory:

Hand Weapons
 o - a +3 mace of freezing
Armour
 a - a +0 robe (worn)
 i - a +1 helmet (worn)
 y - a +3 leather armour of willpower
 F - a +0 pair of boots (worn)
Magical Staves
 r - a staff of earth (weapon)
Jewellery
 c - a +6 ring of intelligence (left hand)
 d - a ring of flight
 q - a ring of willpower
 w - an amulet of regeneration (around neck)
 C - a +6 ring of dexterity (right hand)
Wands
 s - a wand of polymorph (5)
 A - a wand of iceblast (7)
Scrolls
 e - a scroll of teleportation
 h - 2 scrolls of torment
 k - 2 scrolls of acquirement
 n - 3 scrolls of immolation
 p - a scroll of poison
 B - a scroll of identify
 D - 2 scrolls of fear
Potions
 b - a potion of magic
 f - a potion of brilliance
 g - 2 potions of heal wounds
 j - a potion of mutation
 l - 2 potions of curing {unknown}
 m - 2 potions of haste
 t - 2 potions of might {unknown}
 u - a potion of flight {unknown}
 v - 2 potions of resistance {unknown}
 x - 2 potions of lignification {unknown}
 z - a potion of attraction {unknown}
 E - a potion of cancellation {unknown}


   Skills:
 + Level 4.0 Fighting
 + Level 3.7 Armour
 - Level 1.5 Dodging
 - Level 2.1 Stealth
 + Level 6.1 Spellcasting
 + Level 6.3 Conjurations
 - Level 0.7 Transmutations
 + Level 5.6 Fire Magic
 + Level 8.3 Earth Magic


You had 13 spell levels left.
You knew the following spells:

 Your Spells              Type           Power      Damage    Failure   Level
a - Sandblast             Erth           100%       2d20      1%          1
b - Passwall              Tmut/Erth      39%        N/A       1%          2
c - Stone Arrow           Conj/Erth      100%       3d13      1%          3
d - Foxfire               Conj/Fire      100%       2x1d9     1%          1

Your spell library contained the following spells:

 Spells                   Type           Power      Damage    Failure   Level
 Conjure Flame            Conj/Fire      38%        6-21      1%          3
 Inner Flame              Hex/Fire       22%        N/A       6%          3
 Flame Wave               Conj/Fire      38%        2d10      6%          4
 Petrify                  Tmut/Erth      47%        N/A       11%         4


Dungeon Overview and Level Annotations

Branches:
Dungeon (6/15)
 Temple: D:4-7

Altars:
Fedhas


Innate Abilities, Weirdness & Mutations

You are immune to sickness and miasma.
Your stone body is resilient. (AC +6)
You are immune to poison.
You resist negative energy. (rN+)
You are resistant to electric shocks. (rElec)
You are resistant to unholy torment.
You are immune to petrification.


Message History

The water moccasin attacks as you move away!
The water moccasin misses you. Something hits you but does no damage.
Something barely misses you.
The water moccasin attacks as you move away!
The water moccasin bites you. Something hits you but does no damage.
The water moccasin bites you but does no damage.
Something hits you but does no damage. Something hits you but does no damage.
Something hits you.
There is a stone staircase leading up here.
Something hits you but does no damage. The water moccasin bites you.
Something hits you.
You climb upwards.
Reactivating autopickup.
There is a stone staircase leading down here.
Aiming: Sandblast (safe; 1% risk of failure)
Press: ? - help, Q - select action, (/) - cycle Shift-Dir - straight line, f - water moccasin
Aim: a water moccasin (moderately wounded, 76% to hit)
You feel a surge of power!
The blast of sand hits the water moccasin!!
You kill the water moccasin!
Your Fighting skill increases to level 4!
Aiming: Sandblast (safe; 1% risk of failure)
Press: ? - help, Q - select action, (/) - cycle Shift-Dir - straight line, f - you
Okay, then.
There is a stone staircase leading down here.
You start resting.
HP restored.
You climb downwards.
Something hits you but does no damage.
Deactivating autopickup; reactivate with Ctrl-A.
Something hits you but does no damage.
The two-headed ogre hits you with a +0 giant club!
The two-headed ogre barely misses you. The scorpion stings you.
Something hits you!
There is a stone staircase leading up here.
Something hits you. The scorpion stings you.
The two-headed ogre hits you with a +0 giant club!!
* * * LOW HITPOINT WARNING * * *
The two-headed ogre hits you with a +0 giant club!
You die...

*..##*****##...#
#######...+,,,,,#..###
..........#,,,,,#..#
###.......#****##..#
####(...#..*,,,#..##
#...#####.#*,##.##
##.### #..#+#..# ...#
*#....sO# ####
###...@# # #####.####
# ##.....#
#..#####*******
#.##****#,,,,,*
########.###....,***,*
..)..........#******,*
########.##### *,,*
#.# *,**


You could see a two-headed ogre and a scorpion.

Vanquished Creatures
  Pikel (D:6)
  Maggie (D:6)
  A steam dragon (D:6)
  Eustachio (D:4)
  Menkaure (D:5)
  Edmund (D:4)
  A water moccasin (D:5)
  2 ice beasts
  A sky beast (D:6)
  An orc warrior (D:6)
  A black bear (D:6)
  3 ogres
  A lemure (D:6)
  A phantom (D:5)
  2 necrophages
  2 scorpions (D:6)
  3 orc priests
  A hound (D:5)
  5 jellies
  Jessica (D:2)
  3 iguanas
  3 orc wizards
  Robin (D:2)
  9 adders
  A worm (D:4)
  A dart slug (D:1)
  9 orcs
  8 bats
  12 endoplasms
  4 giant cockroaches
  12 goblins
  7 hobgoblins
  2 quokkas
  3 ball pythons
  A frilled lizard (D:1)
  11 kobolds
  2 rats (D:1)
120 creatures vanquished.

Vanquished Creatures (others)
  An orc (D:6)
  3 fungi (D:4)
  8 toadstools (D:4)
12 creatures vanquished.

Grand Total: 132 creatures vanquished

Notes
Turn   | Place    | Note
-------+----------+-------------------------------------------
     0 | D:1      | quixfox the Gargoyle Earth Elementalist began the quest for
                  | the Orb.
     0 | D:1      | Reached XP level 1. HP: 10/10 MP: 3/3
   193 | D:1      | Reached XP level 2. HP: 15/15 MP: 1/5
   281 | D:1      | Reached skill level 4 in Earth Magic
   679 | D:2      | Noticed Robin
   685 | D:1      | Reached XP level 3. HP: 13/19 MP: 1/6
   688 | D:1      | Learned a level 2 spell: Passwall
   692 | D:1      | Learned a level 3 spell: Stone Arrow
   916 | D:2      | Killed Robin
  1155 | D:2      | Reached skill level 1 in Conjurations
  1184 | D:2      | Learned a level 1 spell: Foxfire
  1200 | D:2      | Reached XP level 4. HP: 24/24 MP: 6/8
  1281 | D:2      | Noticed Jessica
  1283 | D:2      | Killed Jessica
  2067 | D:3      | Identified 3 scrolls of acquirement
  2067 | D:3      | Acquired a staff of earth
  2640 | D:4      | Noticed an ogre
  2644 | D:4      | Killed an ogre
  2645 | D:4      | Reached skill level 1 in Fire Magic
  2645 | D:4      | Reached skill level 5 in Earth Magic
  2645 | D:4      | Reached XP level 5. HP: 28/28 MP: 6/10
  2730 | D:4      | Noticed Edmund
  2752 | D:4      | Killed Edmund
  2753 | D:4      | Reached XP level 6. HP: 32/32 MP: 7/11
  2945 | D:4      | Reached XP level 7. HP: 34/36 MP: 9/13
  2949 | D:4      | Reached skill level 6 in Earth Magic
  3475 | D:4      | Found a blossoming altar of Fedhas.
  3564 | D:5      | Entered Level 5 of the Dungeon
  3635 | D:5      | Reached XP level 8. HP: 31/41 MP: 8/15
  3854 | D:5      | Noticed Eustachio
  3870 | D:4      | Killed Eustachio
  3871 | D:4      | Reached skill level 7 in Earth Magic
  4009 | D:5      | Reached skill level 5 in Spellcasting
  4144 | D:5      | Noticed Menkaure
  4147 | D:5      | Killed Menkaure
  4148 | D:5      | Reached skill level 1 in Fighting
  4148 | D:5      | Reached skill level 1 in Armour
  4148 | D:5      | Reached skill level 5 in Conjurations
  4385 | D:6      | Noticed Maggie
  4391 | D:6      | Killed Maggie
  4514 | D:6      | Reached XP level 9. HP: 47/49 MP: 13/17
  4671 | D:6      | Reached skill level 5 in Fire Magic
  4814 | D:6      | Reached skill level 8 in Earth Magic
  4871 | D:6      | Noticed Pikel
  4888 | D:6      | Killed Pikel
  4991 | D:6      | Noticed a two-headed ogre
  5028 | D:6      | HP: 1/52 [two-headed ogre/+0 giant club (20)]
  5028 | D:6      | Demolished by a two-headed ogre

Illustrated notes

Levels and vault maps discovered:
D:1:      psy_arrival_basics, layout_rooms
D:2:      layout_basic, dreamdust_mushroom_princess, minmay_tromino_v4_b,
          uniq_jessica, uniq_robin
D:3:      layout_rooms, kennysheep_generic_room_8
D:4:      cheibrodos_fertilizer, layout_cave_pools, fedhas_altar_2,
          nicolae_kite_square_tiling_tiny, uniq_edmund
D:5:      layout_basic, uniq_eustachio, uniq_menkaure
D:6:      layout_rooms, minmay_divided_ellipse, uniq_maggie, uniq_pikel

Skill      XL: |  1  2  3  4  5  6  7  8  9 |
---------------+----------------------------+-----
Earth Magic    | 4 5 6 7 8 |  8.3
Conjurations   | 1 2 3 4 5 6 |  6.3
Spellcasting   | 3 4 5 6 |  6.1
Fire Magic     | 1 2 3 4 5 |  5.6
Fighting       | 2 4 |  4.0
Armour         | 2 3 |  3.7
Dodging        | |  1.5
Stealth        | |  2.1
Transmutations | |  0.7

Action                   |  1- 3 |  4- 6 |  7- 9 || total
-------------------------+-------+-------+-------++-------
Melee: Staff             |       |    15 |       ||    15
 Cast: Sandblast         |    45 |    40 |   112 ||   197
  Use: Scroll            |       |    12 |     6 ||    18
       Potion            |       |     1 |       ||     1
Armor: Robe              |    17 |     5 |    65 ||    87
       Skin              |       |    11 |       ||    11
Dodge: Dodged            |    17 |    18 |    67 ||   102

Table legend: (Time is in decaauts)
 A = Elapsed time spent in this place.
 B = Non-inter-level travel time spent in this place.
 C = Inter-level travel time spent in this place.
 D = Time resting spent in this place.
 E = Time spent auto-exploring this place.
 F = Levels seen in this place.
 G = Mean time per level.
                   A        B        C        D        E       F      G
               +--------+--------+--------+--------+--------+-----+--------+
         Total |   5231 |   5121 |    110 |    610 |   3582 |   6 |  871.8 |
       Dungeon |   5231 |   5121 |    110 |    610 |   3582 |   6 |  871.8 |
               +--------+--------+--------+--------+--------+-----+--------+

Top non-repeatable levels by time:
     D:2: 1193 daAuts
     D:4: 1084 daAuts
     D:1: 927 daAuts
     D:5: 913 daAuts
     D:6: 578 daAuts
     D:3: 534 daAuts
